 Dungeon Crawl Stone Soup version 0.26-a0-1002-g7355149c4d (webtiles) character file.

Game seed: 879795223673394400

56 siradein the Firebug (level 3, -2/26 HPs)
             Began as a Hill Orc Fire Elementalist on Dec 6, 2020.
             Slain by an ice beast (13 damage)
             ... on level 2 of the Dungeon.
             The game lasted 00:07:03 (2177 turns).

siradein the Firebug (Hill Orc Fire Elementalist)   Turns: 2177, Time: 00:07:05

Health: -2/26      AC:  2    Str: 10    XL:     3   Next: 97%
Magic:  4/5        EV:  9    Int: 16    God:
Gold:   75         SH:  6    Dex: 11    Spells: 4/5 levels left

rFire    . . .     SeeInvis .   i - staff of air
rCold    . . .     Faith    .   g - +0 kite shield
rNeg     . . .     Spirit   .   a - +0 robe
rPois    .         Reflect  .   (no helmet)
rElec    +         Harm     .   (no cloak)
rCorr    .         Rampage  .   (no gloves)
Will     .....                  (no boots)
Stlth    ++........             (no amulet)
HPRegen  0.08/turn              (no ring)
MPRegen  0.09/turn              (no ring)

@: very slightly contaminated
A: no striking features
a: no special abilities


You were on level 2 of the Dungeon.
You visited 1 branch of the dungeon, and saw 2 of its levels.

You collected 75 gold pieces.

Inventory:

Armour
 a - a +0 robe (worn)
 g - a +0 kite shield (worn)
Magical Staves
 i - an uncursed staff of air (weapon)
Jewellery
 d - an uncursed amulet of faith {unknown}
Scrolls
 b - a scroll of immolation {unknown}
 c - 3 scrolls of teleportation {unknown}
 e - a scroll of blinking {unknown}
 k - a scroll of random uselessness {unknown}
Potions
 f - a potion of brilliance {unknown}
 h - a potion of lignification {unknown}
 j - a potion of might {unknown}


   Skills:
 - Level 1.5 Dodging
 - Level 1.5 Stealth
 - Level 1.5 Spellcasting
 + Level 2.6 Conjurations
 + Level 4.3 Fire Magic


You had 4 spell levels left.
You knew the following spells:

 Your Spells              Type           Power        Failure   Level
a - Foxfire               Conj/Fire      ##..         36%         1

Your spell library contained the following spells:

 Spells                   Type           Power        Failure   Level
 Conjure Flame            Conj/Fire      ##......     73%         3
 Inner Flame              Hex/Fire       #.......     88%         3
 Sticky Flame             Conj/Fire      ##......     98%         4
 Fireball                 Conj/Fire      ##........   100%        5


Dungeon Overview and Level Annotations

Branches:
Dungeon (2/15)

Altars:
Zin
The Shining One

Shops:
D:2 *


Message History

Casting: Foxfire (safe; 36% risk of failure)
Confirm with . or Enter, or press ? or * to list all spells.
You miscast Foxfire.
You are very lightly contaminated with residual magic.
Nothing appears to happen.
You block the ice beast's attack.
Casting: Foxfire (safe; 36% risk of failure)
Confirm with . or Enter, or press ? or * to list all spells.
You miscast Foxfire.
Nothing appears to happen.
The ice beast closely misses you. The ice beast misses you.
Your magical contamination has completely faded away.
There is an open door here.
There is an open door here.
Casting: Foxfire (safe; 36% risk of failure)
Confirm with . or Enter, or press ? or * to list all spells.
You miscast Foxfire.
You are very lightly contaminated with residual magic.
Nothing appears to happen.
The ice beast hits you. The ice beast freezes you!
Ouch! That really hurt!
You die...

.####.##.....###....#....##
...##.######.####..###..##
.#.##.# #..####..#..##
.#.##.# ##..####.#.##
......# ##..###.#.# ##.####
##..##.#.# ##w# ##.##.#.#
#..# #w##...# #.## #@###'##
#.# #.Y...# #.# #######
#.##### #.....# #####.# #.#
#.# #.#


You could see an ice beast and a worm.

Vanquished Creatures
  2 adders (D:2)
  A worm (D:2)
  2 leopard geckos
  2 giant cockroaches (D:1)
  A goblin (D:1)
  6 hobgoblins
  2 jackals (D:1)
  5 kobolds
  4 bats
  5 frilled lizards
  3 rats
33 creatures vanquished.

Vanquished Creatures (others)
  99 foxfires
99 creatures vanquished.

Grand Total: 132 creatures vanquished

Notes
Turn   | Place    | Note
-------+----------+-------------------------------------------
     0 | D:1      | siradein the Hill Orc Fire Elementalist began the quest for
                  | the Orb.
     0 | D:1      | Reached XP level 1. HP: 14/14 MP: 3/3
   157 | D:1      | Reached XP level 2. HP: 20/20 MP: 1/4
   725 | D:1      | You fall into a shaft and drop 1 floor!
   887 | D:2      | Reached XP level 3. HP: 26/26 MP: 2/5
   924 | D:2      | Reached skill level 4 in Fire Magic
  1021 | D:2      | Found Zin's Purification Station.
  1034 | D:2      | Found a glowing silver altar of Zin.
  1099 | D:2      | Found a glowing golden altar of the Shining One.
  2098 | D:2      | Noticed an ice beast
  2177 | D:2      | Slain by an ice beast

Illustrated notes

Levels and vault maps discovered:
D:1:      dpeg_arrival_prison, layout_loops_ring
D:2:      layout_loops_cross, zin_purify, nicolae_tso_swordbearing_angel

Skill      XL: |  1  2  3 |
---------------+----------+-----
Conjurations   | 2 |  2.6
Fire Magic     | 4 |  4.3
Dodging        | |  1.5
Stealth        | |  1.5
Spellcasting   | |  1.5

Action                   || total
-------------------------++-------
 Cast: Foxfire           ||    62
Dodge: Dodged            ||    14
Block: Kite shield       ||     3

Table legend: (Time is in decaauts)
 A = Elapsed time spent in this place.
 B = Non-inter-level travel time spent in this place.
 C = Inter-level travel time spent in this place.
 D = Time resting spent in this place.
 E = Time spent auto-exploring this place.
 F = Levels seen in this place.
 G = Mean time per level.
                   A        B        C        D        E       F      G
               +--------+--------+--------+--------+--------+-----+--------+
         Total |   2176 |   2176 |      0 |    483 |   1161 |   2 | 1088.0 |
       Dungeon |   2176 |   2176 |      0 |    483 |   1161 |   2 | 1088.0 |
               +--------+--------+--------+--------+--------+-----+--------+

Top non-repeatable levels by time:
     D:2: 1451 daAuts
     D:1: 725 daAuts
